 Dungeon Crawl Stone Soup version 0.29.1-1-gd02db6906a (webtiles) character file.

Game seed: 11111599844130969802

2 mtoz the Blocker (level 1, 0/13 HPs)
             Began as a Gnoll Wanderer on Sept 21, 2022.
             Slain by Natasha (3 damage)
             ... on level 2 of the Dungeon.
             The game lasted 00:02:02 (313 turns).

mtoz the Blocker (Gnoll Wanderer)                    Turns: 313, Time: 00:02:02

Health: 0/13       AC:  3    Str:  8    XL:     1   Next: 40%
Magic:  1/1        EV: 11    Int:  9    God:
Gold:   35         SH:  6    Dex: 16    Spells: 0/0 levels left

rFire   . . .      SeeInvis .   a - +2 spear
rCold   . . .      Faith    .   c - +0 buckler
rNeg    . . .      Spirit   .   e - +0 robe
rPois   .          Reflect  .   (no helmet)
rElec   .          Harm     .   g - +0 cloak
rCorr   .          Rampage  .   (no gloves)
Will    .....                   (no boots)
Stlth   +.........              (no amulet)
HPRegen 0.04/turn               (no ring)
MPRegen 0.07/turn               (no ring)

@: no status effects
A: fangs 1, strong nose, distributed training
a: no special abilities


You were on level 2 of the Dungeon.
You visited 1 branch of the dungeon, and saw 2 of its levels.

You collected 35 gold pieces.

Inventory:

Hand Weapons
 a - a +2 spear (weapon)
 f - a +0 sling
Armour
 c - a +0 buckler (worn)
 e - a +0 robe (worn)
 g - a +0 cloak (worn)
Scrolls
 b - a scroll of teleportation
 h - a scroll of brand weapon {unknown}
Potions
 d - a potion of invisibility


   Skills:
 + Level 0.0 Fighting
 + Level 0.0 Short Blades
 + Level 0.0 Long Blades
 + Level 0.0 Axes
 + Level 0.0 Maces & Flails
 + Level 4.4 Polearms
 + Level 0.0 Staves
 + Level 0.0 Ranged Weapons
 + Level 2.3 Throwing
 + Level 6.4 Armour
 + Level 0.0 Dodging
 + Level 0.0 Stealth
 + Level 8.4 Shields
 + Level 0.0 Unarmed Combat
 + Level 0.0 Spellcasting
 + Level 0.0 Conjurations
 + Level 0.0 Hexes
 + Level 0.0 Summonings
 + Level 0.0 Necromancy
 + Level 0.0 Translocations
 + Level 0.0 Transmutations
 + Level 0.0 Fire Magic
 + Level 0.0 Ice Magic
 + Level 0.0 Air Magic
 + Level 0.0 Earth Magic
 + Level 0.0 Poison Magic
 + Level 0.1 Invocations
 + Level 0.0 Evocations


You couldn't memorise any spells.
You didn't know any spells.
Your spell library was empty.

Dungeon Overview and Level Annotations

Branches:
Dungeon (1/15)

Altars:

Annotations:
D:2 Natasha


Innate Abilities, Weirdness & Mutations

You have very sharp teeth.
Your uncanny sense of smell can sniff out nearby items.
Your experience applies equally to all skills.


Message History

You open the door.
There is an open door here.
There is an open door here.
You open the door. You open the door.
There is an open door here.
A rat comes into view.
Found a club.
The rat moves out of view.
You now have 35 gold pieces (gained 12).
You closely miss the rat. Your bite misses the rat. You hit the rat.
You bite the rat, but do no damage.
The rat is severely wounded.
You block the rat's attack.
You hit the rat but do no damage.
The rat is severely wounded.
The rat bites you.
You hit the rat.
You kill the rat!
No target in view!
HP restored.
Natasha, Servant of Life and Death comes into view.
Reach: a) +2 spear
Press: ? - help, Dir - move target, f - Natasha
Aim: Natasha (about 40% to evade your +2 spear)
You reach to attack!
You hit Natasha but do no damage.
Reach: a) +2 spear
Press: ? - help, Dir - move target, f/p - Natasha
Aim: Natasha (about 40% to evade your +2 spear)
You barely miss Natasha. Natasha casts a spell at you. The magic dart hits you!
Ouch! That really hurt!
* * * LOW HITPOINT WARNING * * *
Reach: a) +2 spear
Press: ? - help, Dir - move target, f/p - Natasha
Aim: Natasha (about 40% to evade your +2 spear)
You hit Natasha.
Natasha is moderately wounded.
Natasha claws you.
You die...

#..........###.#
#..........'...#
#..........#####
#..........#
####'#'##### #.#.#
#.#.#########
#.#.#.....h.# #.#.#
#@# #.#.. #.#
#.#########.######.#
#.........#........#
#########.#.########
#.#.....#
#######.#.###.#
..............#
####).....#####


You could see Natasha.

Vanquished Creatures
  A quokka (D:1)
  2 rats
3 creatures vanquished.

Notes
Turn   | Place    | Note
-------+----------+-------------------------------------------
     0 | D:1      | mtoz the Gnoll Wanderer began the quest for the Orb.
     0 | D:1      | mtoz set off with the following items: a +2 spear, a scroll
                  | of teleportation, a +0 buckler, a potion of invisibility, a
                  | +0 robe.
     0 | D:1      | Reached XP level 1. HP: 13/13 MP: 1/1
   205 | D:1      | You fall into a shaft and drop 1 floor!
   310 | D:2      | Noticed Natasha
   313 | D:2      | Slain by Natasha

Illustrated notes

Levels and vault maps discovered:
D:1:      dpeg_arrival_radiant, layout_basic,
          shapermc_ecumenical_altar_notcrosses, ebering_dispersal_statue_hall,
          kennysheep_flooded_box
D:2:      layout_basic, serial_shops, nicolae_shop_bloodbath_and_beyond,
          uniq_natasha

Action                   || total
-------------------------++-------
Melee: Spear             ||    14
       Bite              ||     1
Dodge: Dodged            ||     2
Block: Buckler           ||     1
